 Dungeon Crawl Stone Soup version 0.28.0-53-g5a82cb258f (webtiles) character file.

Game seed: 7660663667378073414

84 issech the Vexing (level 4, 0/26 HPs)
             Began as a Kobold Arcane Marksman on May 21, 2022.
             Succumbed to an adder's poison
             ... on level 2 of the Dungeon.
             The game lasted 00:05:49 (1973 turns).

issech the Vexing (Kobold Arcane Marksman)          Turns: 1973, Time: 00:05:49

Health: 0/26       AC:  3    Str:  7    XL:     4   Next: 72%
Magic:  5/5        EV: 15    Int: 14    God:
Gold:   83         SH:  0    Dex: 17    Spells: 4/5 levels left

rFire   . . .      SeeInvis .   j - +0 short sword
rCold   . . .      Faith    .   (no shield)
rNeg    . . .      Spirit   .   d - +0 robe
rPois   .          Reflect  .   (no helmet)
rElec   .          Harm     .   (no cloak)
rCorr   .          Rampage  .   u - +0 pair of gloves
Will    .....                   (no boots)
Stlth   +++.......              (no amulet)
HPRegen 0.08/turn               (no ring)
MPRegen 0.09/turn               (no ring)

@: lethally poisoned (0 -> -1)
A: small, no large weapons, nightstalker 3
a: no special abilities


You were on level 2 of the Dungeon.
You visited 1 branch of the dungeon, and saw 2 of its levels.

You collected 83 gold pieces.

Inventory:

Hand Weapons
 a - a +0 hand crossbow
 f - a +0 spear
 j - a +0 short sword (weapon)
 n - a +0 hand axe
 q - a +0 club
 r - a +0 dagger
 v - a +0 war axe
Missiles
 c - 2 bolts
 e - 31 arrows
 h - 4 atropa-tipped darts (quivered)
 i - 6 sling bullets
 p - 60 stones
Armour
 d - a +0 robe (worn)
 u - a +0 pair of gloves (worn)
 x - a +0 plate armour
Jewellery
 l - a ring of see invisible
 w - a ring of resist corrosion
Wands
 s - a wand of mindburst (8)
Scrolls
 b - a scroll of teleportation {unknown}
 k - 2 scrolls of identify {unknown}
 m - a scroll of enchant weapon {unknown}
 o - a scroll of silence {unknown}
 t - a scroll of enchant armour {unknown}
Potions
 g - a potion of resistance {unknown}


   Skills:
 + Level 1.7 Fighting
 + Level 3.8 Crossbows
 + Level 2.9 Dodging
 + Level 0.4 Stealth
 + Level 1.3 Spellcasting
 + Level 3.8 Hexes


You had 4 spell levels left.
You knew the following spells:

 Your Spells              Type           Power      Damage    Failure   Level
a - Slow                  Hex            44%        N/A       5%          1

Your spell library contained the following spells:

 Spells                   Type           Power      Damage    Failure   Level
 Inner Flame              Hex/Fire       6%         N/A       34%         3
 Portal Projectile        Hex/Tloc       12%        N/A       34%         3
 Cause Fear               Hex            5%         N/A       47%         4


Dungeon Overview and Level Annotations

Branches:
Dungeon (2/15)

Altars:

Shops:
D:2 [


Innate Abilities, Weirdness & Mutations

You are small and have problems with some larger weapons.
You are completely attuned to the shadows.


Message History

The bolt hits the adder but does no damage.
The adder is heavily wounded.
The adder bites you.
You are poisoned.
The adder poisons you! The adder closely misses you.
You shoot a bolt. The bolt closely misses the adder.
You feel sick. The adder closely misses you. The adder bites you.
You are more poisoned.
The adder poisons you!
You are too injured to fight recklessly!
Unknown command.
j - a +0 short sword (weapon)
You feel sick. The adder barely misses you.
You hit the adder.
The adder is severely wounded.
You feel very sick. The adder misses you.
You hit the adder but do no damage.
The adder is severely wounded.
You feel sick. The adder misses you.
You hit the adder but do no damage.
The adder is severely wounded.
* * * LOW HITPOINT WARNING * * *
You feel sick. The adder bites you but does no damage. The adder bites you.
* * * LOW HITPOINT WARNING * * *
You barely miss the adder.
The adder is severely wounded.
* * * LOW HITPOINT WARNING * * *
You feel sick. The adder bites you but does no damage.
You hit the adder.
The adder is almost dead.
* * * LOW HITPOINT WARNING * * *
You feel sick. The adder closely misses you. The adder barely misses you.
You closely miss the adder.
The adder is almost dead.
* * * LOW HITPOINT WARNING * * *
You feel sick. The adder closely misses you.
You closely miss the adder.
The adder is almost dead.
You die...

.....#.###...##
####.†.##.....##
#.#.#.......#
#.##.......##
##.###.....##
##.........###
♣≈.♣♣#.......#
♣♣≈≈♣ .##.##.#
♣.≈♣♣ #. #@#
♣≈≈♣ #. #S#
♣♣♣♣♣♣.♣♣♣♣ #.#
P.♣P≈≈..≈P♣♣♣
#(#
.≈≈.≈≈≈≈..≈≈.
.(#
♣P♣≈♣≈≈.♣.≈♣♣
♣♣♣♣♣♣≈.♣♣♣♣
##..♣..P♣
.#.♣♣♣.≈♣


You could see an adder.

Vanquished Creatures
  4 adders (D:2)
  A worm (D:2)
  2 dart slugs (D:2)
  3 bats
  3 endoplasms
  4 giant cockroaches
  4 goblins
  4 hobgoblins (D:2)
  2 kobolds
  A quokka (D:2)
  5 ball pythons
  5 rats
38 creatures vanquished.

Vanquished Creatures (others)
  28 plants (D:2)
28 creatures vanquished.

Grand Total: 66 creatures vanquished

Notes
Turn   | Place    | Note
-------+----------+-------------------------------------------
     0 | D:1      | issech the Kobold Arcane Marksman began the quest for the
                  | Orb.
     0 | D:1      | Reached XP level 1. HP: 12/12 MP: 2/2
   335 | D:1      | Reached XP level 2. HP: 16/16 MP: 3/3
   838 | D:2      | Found Jeuple's Armour Emporium.
   998 | D:2      | Reached XP level 3. HP: 20/20 MP: 4/4
  1345 | D:2      | Reached XP level 4. HP: 14/25 MP: 5/5
  1972 | D:2      | HP: 1/26 [poisoned by an adder]
  1973 | D:2      | Succumbed to an adder's poison

Illustrated notes

Levels and vault maps discovered:
D:1:      onia_arrival_pentagram, layout_basic
D:2:      layout_loops_cross, serial_shops, nicolae_shop_trees, serial_bayou,
          serial_bayou_pond_b, serial_bayou_lake_a, serial_bayou_crossing,
          serial_bayou_pond_d, minmay_heptomino_o4

Skill      XL: |  1  2  3 |
---------------+----------+-----
Crossbows      | 3 |  3.8
Fighting       | |  1.7
Dodging        | |  2.9
Stealth        | |  0.4
Spellcasting   | |  1.3
Hexes          | |  3.8

Action                   |  1- 3 |  4- 6 || total
-------------------------+-------+-------++-------
Melee: Short sword       |       |    21 ||    21
 Fire: Hand crossbow     |    61 |    20 ||    81
Throw: Dart              |       |     3 ||     3
Armor: Robe              |     6 |     2 ||     8
Dodge: Dodged            |    23 |    20 ||    43
